 Dungeon Crawl Stone Soup version 0.31-a0-246-g8cbcc1cb85 (webtiles) character file.

Game seed: 15664663341902198430

84 qw the Shooter (level 4, -1/26 HPs)
             Began as a Gargoyle Hexslinger on July 12, 2023.
             Slain by an orc
             ... wielding a +0 mace
              (6 damage)
             ... on level 3 of the Dungeon.
             The game lasted 00:00:47 (2355 turns).

qw the Shooter (Gargoyle Hexslinger)                Turns: 2355, Time: 00:00:47

Health: -1/26      AC:  9    Str: 11    XL:     4   Next: 45%
Magic:  5/5        EV: 10    Int: 14    God:
Gold:   104        SH:  0    Dex: 14    Spells: 4/5 levels left

rFire   . . .        Y - +2 sling
rCold   . . .        (no shield)
rNeg    + . .        b - +0 ring mail
rPois   inf          (no helmet)
rElec   +            (no cloak)
rCorr   .            (no gloves)
SInv    .            e - +0 pair of boots
Will    .....        (no amulet)
Stlth   +            (no ring)
HPRegen 0.24/turn    (no ring)
MPRegen 0.09/turn

%: no passive effects
@: no status effects
A: sickness immunity, AC +3, negative energy resistance 1, electricity
resistance, torment resistance 1, petrification resistance
a: no special abilities


You were on level 3 of the Dungeon.
You visited 1 branch of the dungeon, and saw 3 of its levels.

You collected 104 gold pieces.


Innate Abilities, Weirdness & Mutations

You are immune to sickness and miasma.
Your stone body is resilient. (AC +3)
You are immune to poison.
You resist negative energy. (rN+)
You are resistant to electric shocks. (rElec)
You are resistant to unholy torment.
You are immune to petrification.


   Skills:
 - Level 2.0 Fighting
 + Level 4.0 Ranged Weapons
 - Level 1.0 Armour
 - Level 1.5 Dodging
 - Level 1.0 Spellcasting
 - Level 2.6 Hexes


You had 4 spell levels left.
You knew the following spells:

 Your Spells              Type           Power      Damage    Failure   Level
a - Slow                  Hex            32%        N/A       21%         1

Your spell library contained the following spells:

 Spells                   Type           Power      Damage    Failure   Level
 Inner Flame              Hex/Fire       4%         N/A       71%         3
 Portal Projectile        Hex/Tloc       8%         N/A       71%         3
 Cause Fear               Hex            4%         N/A       90%         4

Inventory:

Hand Weapons
 Y - a +2 sling (weapon)
Armour
 b - a +0 ring mail (worn)
 e - a +0 pair of boots (worn)
Jewellery
 i - a ring of ice
Scrolls
 a - a scroll of fear {unknown}
 c - a scroll of teleportation {unknown}
 d - a scroll of noise {unknown}
 f - 2 scrolls of identify
Potions
 h - a potion of mutation
 j - a potion of curing

Dungeon Overview and Level Annotations

Branches:
Dungeon (3/15)

Altars:
Dithmenos
Fedhas
Qazlal

Annotations:
D:1 1 transporter


Message History

You shoot a sling bullet. The sling bullet hits the adder.
The adder is heavily wounded.
You shoot a sling bullet. The sling bullet hits the adder.
The adder is almost dead.
The adder bites you but does no damage.
An orc wizard comes into view. It is wielding a +0 dagger.
The adder bites you but does no damage.
You shoot a sling bullet.
The sling bullet closely misses the adder.
The orc wizard gestures wildly while chanting.
The orc wizard flickers and vanishes!
Deactivating autopickup; reactivate with Ctrl-A.
The adder barely misses you.
An orc comes into view. It is wielding a +0 dagger.
Autopickup is now on.
You shoot a sling bullet.
The sling bullet barely misses the adder.
The adder barely misses you. The adder bites you but does no damage.
You shoot a sling bullet. The sling bullet hits the adder.
You kill the adder!
The orc barely misses you. The orc hits you but does no damage.
Your Ranged Weapons skill increases to level 4!
You shoot a sling bullet. The sling bullet barely misses the orc.
The orc closely misses you. The orc hits you with a +0 mace.
The orc hits you from afar with a +0 trident.
The orc closely misses you.
You shoot a sling bullet.
The sling bullet hits the orc but does no damage.
The orc hits you from afar with a +0 trident.
The orc misses you.
You shoot a sling bullet.
The sling bullet hits the orc but does no damage.
The orc misses you. The orc hits you with a +0 mace.
You shoot a sling bullet.
The sling bullet hits the orc but does no damage.
The orc hits you but does no damage.
A magic dart appears from out of thin air!
Deactivating autopickup; reactivate with Ctrl-A.
The magic dart hits you! The orc hits you with a +0 mace.
You die...

###...#....... ...
+.......... #.#.########
#.....#.#.# #.#.....#
#.....#.#.# #.#.###.#
......#.#.# ####.#.#
#.###### .## #.#.#
..<#.#)###......### #..
.###..)........... #..
.# #.#.#########.#######
#..
.###.#...[......@o......
##.
.....###########.oo#####
#... ..####
#........{o..... #)....
### #.....######....
#..... #.....+ .##
#..... #.....### #
#..... ###.....# .##+#.
#.###.# ##.# #.####


You could see 4 orcs.

Vanquished Creatures
  2 adders (D:3)
  A worm (D:2)
  2 dart slugs
  4 orcs (D:3)
  6 ball pythons
  5 endoplasms
  A giant cockroach (D:2)
  3 goblins
  7 hobgoblins
  3 jackals (D:1)
  3 kobolds
  3 quokkas
  3 frilled lizards
  7 rats
50 creatures vanquished.

Notes
Turn   | Place    | Note
-------+----------+-------------------------------------------
     0 | D:1      | qw the Gargoyle Hexslinger began the quest for the Orb.
     0 | D:1      | Reached XP level 1. HP: 12/12 MP: 2/2
     0 | D:1      | 0 ||| qw: Version: 0.3-a-52-g30416fa
     0 | D:1      | 0 ||| qw: Game counter: 6334
     0 | D:1      | 0 ||| qw: Melee chars always use a shield: true
     0 | D:1      | 0 ||| qw: God list: Okawaru
     0 | D:1      | 0 ||| qw: Allow faded altars: false
     0 | D:1      | 0 ||| qw: Do Orc after clearing Dungeon:15 true
     0 | D:1      | 0 ||| qw: Do second Lair branch before Depths: true
     0 | D:1      | 0 ||| qw: Lair rune preference: random
     0 | D:1      | 0 ||| qw: Goals: Normal
     0 | D:1      | 0 ||| PLANNING D:1-11
   233 | D:1      | Reached XP level 2. HP: 16/16 MP: 3/3
   329 | D:1      | Reached skill level 3 in Ranged Weapons
   370 | D:1      | Reached XP level 3. HP: 18/21 MP: 4/4
   553 | D:1      | 553 ||| UPGRADING to +0 pair of boots.
   558 | D:1      | 558 ||| READING 2 scrolls labelled QOWNIM UXULA.
   559 | D:1      | 559 ||| READING 2 scrolls labelled SUFAOTOEXU.
   560 | D:1      | 560 ||| READING scroll labelled GEULYI PAGY.
   561 | D:1      | 561 ||| READING scroll labelled CANIEXZIFRE.
   562 | D:1      | 562 ||| DROPPING scroll of fog.
   563 | D:1      | 563 ||| DROPPING scroll of poison.
  1019 | D:2      | Found a faded altar of an unknown god.
  1829 | D:2      | 1829 ||| UPGRADING to +0 leather armour.
  1839 | D:2      | 1839 ||| UPGRADING to +0 ring mail.
  1849 | D:2      | 1849 ||| DROPPING +0 leather armour.
  1850 | D:2      | 1850 ||| DROPPING +0 robe.
  1851 | D:2      | 1851 ||| READING scroll labelled COALUEW XAUPS.
  1852 | D:2      | 1852 ||| DRINKING 2 murky blue potions.
  1853 | D:2      | 1853 ||| DRINKING 2 emerald potions.
  1854 | D:2      | 1854 ||| READING 3 scrolls of identify.
  1854 | D:2      | 1854 ||| IDENTIFYING fuming purple potion
  1855 | D:2      | 1855 ||| DROPPING potion of brilliance.
  1961 | D:3      | Found a blossoming altar of Fedhas.
  1998 | D:3      | Reached XP level 4. HP: 16/26 MP: 5/5
  2049 | D:3      | Reached skill level 1 in Armour
  2102 | D:3      | Found a shadowy altar of Dithmenos.
  2288 | D:3      | Found a stormy altar of Qazlal.
  2352 | D:3      | Reached skill level 4 in Ranged Weapons
  2355 | D:3      | HP: 5/26 [something/magic dart (8)]
  2355 | D:3      | Slain by an orc

Levels and vault maps discovered:
D:1:      spicycebolla_arrival_risky_transporter, layout_rooms
D:2:      layout_basic, shapermc_ecumenical_altar_mp_vishouse,
          nicolae_elevator_lobby_asterisk
D:3:      layout_basic, good_gods_mini_temple, nicolae_ru_the_path_less_chosen,
          fedhas_altar_1, grunt_dithmenos_smoke,
          mainiacjoe_overflow_small_starburst, minmay_ogre_servants

Skill      XL: |  1  2  3  4 |
---------------+-------------+-----
Ranged Weapons | 3 4 |  4.0
Fighting       | 2 |  2.0
Armour         | 1 |  1.0
Dodging        | |  1.5
Spellcasting   | |  1.0
Hexes          | |  2.6

Action                     |  1- 3 |  4- 6 || total
---------------------------+-------+-------++-------
   Fire: Sling             |   165 |    31 ||   196
    Use: Scroll            |     6 |       ||     6
         Potion            |     2 |       ||     2
 Armour: Robe              |    20 |       ||    20
         Ring mail         |     5 |    11 ||    16
  Dodge: Dodged            |    67 |    10 ||    77

Table legend:
 A = Non-vault XP
 B = Vault XP
 C = Vault XP percentage of total XP
 D = Non-vault monster count
 E = Vault monster count
 F = Vault count percentage of total count
                 A         B        C        D         E       F
            +---------+---------+-------+---------+---------+-------
      Total |     120 |       0 |   0.0 |      50 |       0 |   0.0
            +---------+---------+-------+---------+---------+-------
        D:1 |      38 |       0 |   0.0 |      21 |       0 |   0.0
        D:2 |      34 |       0 |   0.0 |      18 |       0 |   0.0
        D:3 |      48 |       0 |   0.0 |      11 |       0 |   0.0
            +---------+---------+-------+---------+---------+-------
